cohdb
Replays
Latest Replays
All Replays
Popular Replays
Top Player Replays
Match Explorer
How It Works
Community
CoH3 Stats
Reddit
Sign in to upload your games and track your stats! →
Sign in with Steam
Match 42958721
Unlisted
Match 42958721
Overview
Messages
Build Orders
End
Construct Barracks
Selects Advanced Infantry Battlegroup
Riflemen Squad
Riflemen Squad
Construct Weapon Support Center
Construct Medical Station
M1919 Machine Gun Team
Selects Convert to Ranger Squad
Convert to Ranger Squad
Selects Frontline Medical Station
M1 Mortar Team
Convert to Ranger Squad
M1 Mortar Team
Mechanized Support Center
Improved M9 Bazooka Rockets
DEMI
QwakTV
Guderian ITA
Fajolada
0
0
Comments
sign in to comment!
No comments posted yet!